 Dungeon Crawl Stone Soup version 0.19-GnollCrawlA-1-g03664ee (webtiles) character file.

43035445 PurpleRed the Skirmisher (level 1, 19/19 HPs)
             Began as a Minotaur Berserker on Sept 1, 2016.
             Was the Champion of Trog.
             Escaped with the Orb
             ... and 15 runes!
             The game lasted 03:02:28 (33219 turns).

PurpleRed the Skirmisher (Minotaur Berserker)      Turns: 33219, Time: 03:02:28

Health: 19/19      AC: 26    Str: 19    XL:     1   Next: 0%
Magic:  18/18      EV: -1    Int: 12    God:    Trog [******]
Gold:   6888       SH: 25    Dex: 11    Spells: 0 memorised, 0 levels left

rFire  + + .     SeeInvis +     Z - +4 Vampire's Tooth {vamp}
rCold  + + .     Gourm    .     W - +6 plate armour of Midwinter {rC+ Regen+ MP+9 Str-5}
rNeg   + . .     Faith    .     t - +18 shield of the Gong {rElec rN+ MR+ EV-5}
rPois  +         Spirit   +     z - +2 hat
rElec  +         Dismiss  .     d - +0 cloak of Limited Liability {rPois Regen+ Int+4}
rCorr  .         Reflect  .     I - +2 pair of gloves {Str+3}
SustAt .         Harm     .     i - +2 pair of boots
MR     +....                    a - amulet of guardian spirit
Stlth  ..........               b - ring of Etaonk {*Corrode rF++ rC+ MP+9 Stlth+}
                                Q - ring "Donkyusu" {+Inv +Fly Int+4 Slay+4 SInv}

@:
A: retaliatory headbutt, horns 2, thin skeletal structure 1, poison resistance
a: Berserk, Trog's Hand, Brothers in Arms, Burn Spellbooks, Renounce Religion,
Evoke Invisibility, Evoke Flight
0: Orb of Zot
}: 15/15 runes: barnacled, slimy, silver, golden, iron, obsidian, icy, bone,
abyssal, demonic, glowing, magical, fiery, dark, gossamer


You escaped.
You worshipped Trog.
Trog was exalted by your worship.
You were very full.

You visited 17 branches of the dungeon, and saw 89 of its levels.
You visited Pandemonium 2 times, and saw 40 of its levels.
You visited the Abyss 1 time.
You also visited: Ice Cave and Wizlab.

You collected 11187 gold pieces.
You spent 4299 gold pieces at shops.

Inventory:

Hand Weapons
 P - a +8 hand crossbow
 Z - the +4 Vampire's Tooth (weapon) {vamp}
   (You found it on level 5 of the Pits of Slime)

   It inflicts no extra harm, but heals its wielder somewhat when it strikes a
   living foe.
Missiles
 n - 221 bolts
Armour
 d - the +0 cloak of Limited Liability (worn) {rPois Regen+ Int+4}
   (You found it on level 4 of the Shoals)

   It affects your intelligence (+4).
   It protects you from poison.
   It increases your rate of regeneration.
 i - a +2 pair of boots (worn)
 t - the +18 shield of the Gong (worn) {rElec rN+ MR+ EV-5}
   (You found it on level 3 of the Tomb of the Ancients)

   It affects your evasion (-5).
   It insulates you from electricity.
   It protects you from negative energy.
   It affects your resistance to hostile enchantments.
 z - a +2 hat (worn)
 I - a +2 pair of gloves of strength (worn)
 J - the +2 chain mail of Happiness {rPois rN+++ MP+9 Str-3}
   (You found it on level 3 of the Elven Halls)

   It affects your strength (-3).
   It protects you from poison.
   It renders you almost immune to negative energy.
   It affects your magic capacity (+9).
 W - the +6 plate armour of Midwinter (worn) {rC+ Regen+ MP+9 Str-5}
   (You found it in Pandemonium)

   It affects your strength (-5).
   It protects you from cold.
   It affects your magic capacity (+9).
   It increases your rate of regeneration.
Jewellery
 a - an amulet of guardian spirit (around neck)
 b - the ring of Etaonk (right hand) {*Corrode rF++ rC+ MP+9 Stlth+}
   (You bought it in a shop on level 1 of the Elven Halls)

   [ring of protection from cold]

   It greatly protects you from fire.
   It protects you from cold.
   It affects your magic capacity (+9).
   It may corrode you when you take damage.
   It makes you more stealthy.
 D - the ring "Yzuwketh" {rF++ rC+ MP+9 Str-5 Dex+2}
   (You found it on level 2 of the Tomb of the Ancients)

   [ring of magical power]

   It affects your strength (-5).
   It affects your dexterity (+2).
   It greatly protects you from fire.
   It protects you from cold.
   It affects your magic capacity (+9).
 Q - the ring "Donkyusu" (left hand) {+Inv +Fly Int+4 Slay+4 SInv}
   (You bought it in a shop on level 1 of the Elven Halls)

   [ring of flight]

   It affects your intelligence (+4).
   It affects your accuracy and damage with ranged weapons and melee attacks
   (+4).
   It lets you see invisible.
   It lets you turn invisible.
   It lets you fly.
 Y - the ring "Jates" {SustAt rElec rC- Str+2 Slay+5}
   (You found it on level 5 of the Pits of Slime)

   [ring of sustain attributes]

   It sustains your strength, intelligence and dexterity.
   It affects your strength (+2).
   It affects your accuracy and damage with ranged weapons and melee attacks
   (+5).
   It makes you vulnerable to cold.
   It insulates you from electricity.
Wands
 q - a wand of teleportation (7/9)
 s - a wand of lightning (4/15)
 w - a wand of disintegration (4/24)
 y - a wand of digging (6/24)
 F - a wand of paralysis (16/24)
 H - a wand of iceblast (12/15)
Scrolls
 c - 19 scrolls of identify
 j - 4 scrolls of teleportation
 k - 11 scrolls of remove curse
 l - 10 scrolls of enchant weapon
 u - 5 scrolls of enchant armour
 v - a scroll of magic mapping
 A - 2 scrolls of brand weapon
 B - 18 scrolls of recharging
 M - 4 scrolls of immolation
 R - 2 scrolls of blinking
 S - 3 scrolls of summoning
 X - 5 scrolls of fear
Potions
 e - 10 potions of haste
 f - 9 potions of heal wounds
 g - 4 potions of invisibility
 h - 2 potions of magic
 o - 3 potions of agility
 p - 10 potions of curing
 x - 2 potions of mutation
 C - 5 potions of resistance
 L - a potion of berserk rage
 N - 9 potions of ambrosia
 T - 3 potions of might
 U - 5 potions of cancellation
Miscellaneous
 m - 4 sacks of spiders
 r - a phial of floods
 G - a fan of gales
 O - a lamp of fire
 V - 2 phantom mirrors


   Skills:
 + Level 3.6 Fighting
 + Level 3.2 Short Blades
 + Level 2.4 Armour
 + Level 2.1 Dodging


You couldn't memorise any spells.
You didn't know any spells.

Dungeon Overview and Level Annotations

Branches:
Dungeon (15/15)              Lair (6/6) D:9          Shoals (4/4) Lair:3
 Spider (4/4) Lair:3        Slime (5/5) Lair:6          Orc (2/2) D:10
    Elf (3/3) Orc:2        Vaults (5/5) D:13          Crypt (3/3) Vaults:2
   Tomb (3/3) Crypt:3      Depths (5/5) D:15           Hell (1/1)
    Dis (7/7) Hell            Geh (7/7) Hell            Coc (7/7) Hell
    Tar (7/7) Hell            Zot (5/5) Depths:5
 Temple: D:1-2

Altars:
Dithmenos
Gozag
Nemelex Xobeh
Qazlal
Yredelemnul
The Shining One
Beogh
Jiyva

Shops:
D:9 %**[?   Orc:1 !   Orc:2 %([!   Elf:1 [=:=   Vaults:2 ([[!(   Vaults:3 (
Vaults:4 [*   Vaults:5 }   Depths:1 !

Portals:
Hell: Depths:1 Depths:2 Depths:3 Depths:4 Depths:5
Abyss: Depths:4
Pandemonium: Depths:1 Depths:3
Ziggurat: Depths:5

Annotations:
Elf:2 5 runed doors


Innate Abilities, Weirdness & Mutations

You reflexively headbutt those who attack you in melee.
You have a pair of horns on your head.
You have a somewhat thin skeletal structure. (Dex +2, Stealth)
Your system is resistant to poisons. (rPois)


Message History

a whip; a gnoll skeleton
Things that are here:
a flail; a gnoll skeleton
There is a stone staircase leading up here.
You climb upwards.
The gnoll shouts!
There is a stone staircase leading down here.
There is a stone staircase leading up here.
You climb upwards.
There is a stone staircase leading down here.
You open the gnoll.
There is an open door here.
A gnoll comes into view. It is wielding a flail.
There is an open door here.
There is a stone staircase leading up here.
You climb upwards.
There is a stone staircase leading down here.
A gnoll comes into view. It is wielding a spear.
There is a staircase leading out of the dungeon here.
You have escaped! #..# #..#... ..PPP♣P P

#..#P♣.♣♣..PP.♣♣P♣.#
#..#♣P.PPPPPP..PP♣P# #..#
.P..P.P.♣♣P..P #..#
♣P.P.P..PPP..
#..#################
#...............(...
######..........@..g.....
.....#.....)....[........
....)#........###########
.....'.....##.##
.....#.###.##..# .....#.#
#....># .....#.# #####.#
.....#.# #.# .....#.# #%#


You could see a gnoll.

Vanquished Creatures
  4 gnoll sergeants
  4 gnoll shamans (Zot:5)
  1356 gnolls
  57 gnoll zombies
  29 gnoll simulacra
  116 gnoll skeletons
1566 creatures vanquished.

Vanquished Creatures (collateral kills)
  Grum (Zot:5)
  13 gnoll sergeants
  A gnoll shaman (Zot:5)
  93 gnolls
  6 gnoll zombies (Tomb:3)
  6 gnoll simulacra (Tomb:3)
  15 gnoll skeletons (Tomb:3)
135 creatures vanquished.

Vanquished Creatures (others)
  34 gnolls
  A gnoll skeleton (Tomb:3)
35 creatures vanquished.

Grand Total: 1736 creatures vanquished

Notes
Turn   | Place    | Note
-------+----------+-------------------------------------------
     0 | D:1      | PurpleRed the Minotaur Berserker began the quest for the Orb.
     0 | D:1      | Reached XP level 1. HP: 19/19 MP: 0/0
   453 | D:5      | Entered Level 5 of the Dungeon
   576 | D:5      | Lost intelligence.
   868 | D:5      | Reached ** piety under Trog
   965 | D:5      | Found a sparkling altar of Nemelex Xobeh.
   965 | D:5      | Found an opulent altar of Gozag.
  1397 | D:9      | Found Ucykan's Assorted Antiques.
  1405 | D:9      | Bought a scroll labeled PULUTS ZANIO for 32 gold pieces
  1405 | D:9      | Bought a scroll labeled HYOPENTUPRA for 32 gold pieces
  1407 | D:9      | Bought a scroll of identify for 64 gold pieces
  1540 | D:9      | Found Vakoquzika's Antique Armour Shoppe.
  1544 | D:9      | Found Zistruut's Magic Scroll Boutique.
  1551 | D:9      | Bought a scroll of identify for 28 gold pieces
  1644 | D:9      | Found Afoafa's Food Shoppe.
  1701 | D:9      | Found Mugg's Assorted Antiques.
  1707 | D:9      | Found a staircase to the Lair.
  1708 | D:9      | Bought a scroll labeled GENKI ONIED for 25 gold pieces
  2149 | D:10     | Entered Level 10 of the Dungeon
  2303 | D:10     | Found a staircase to the Orcish Mines.
  2457 | D:10     | Found a roughly hewn altar of Beogh.
  2476 | Orc:1    | Entered Level 1 of the Orcish Mines
  2480 | Orc:1    | Reached *** piety under Trog
  2560 | Orc:1    | Found Douplism's Distillery.
  2572 | Orc:1    | Bought a potion of degeneration for 12 gold pieces
  2572 | Orc:1    | Bought 2 potions of curing for 72 gold pieces
  2572 | Orc:1    | Bought a potion of lignification for 36 gold pieces
  3061 | Orc:2    | Entered Level 2 of the Orcish Mines
  3061 | Orc:2    | Found a staircase to the Elven Halls.
  3624 | Orc:2    | Found Puir's Food Emporium.
  3624 | Orc:2    | Found Hyleeho's Distillery.
  3626 | Orc:2    | Found Ickey's Armour Shop.
  3626 | Orc:2    | Found Plog's Weapon Emporium.
  3632 | Orc:2    | Bought a potion of mutation for 37 gold pieces
  3635 | Orc:2    | Bought a +1 pair of gloves of dexterity for 247 gold pieces
  3907 | Elf:1    | Entered Level 1 of the Elven Halls
  4029 | Elf:1    | Found Guiloo Uxof's Antique Armour Shoppe.
  4031 | Elf:1    | Found Vaenizepp's Book Emporium.
  4031 | Elf:1    | Found Ynipur's Jewellery Shoppe.
  4036 | Elf:1    | Found Lydas's Jewellery Emporium.
  4052 | Elf:1    | Bought a +3 ring of protection for 231 gold pieces
  4059 | Elf:1    | Bought a fine scale mail for 216 gold pieces
  4069 | Elf:1    | Identified the +2 scale mail of Winaemuh {+Blink rN+ Int+2} (You bought it in a shop on level 1 of the Elven Halls)
  4301 | Elf:1    | Got a bloodstained whip
  4305 | Elf:1    | Identified the +6 whip "Yckisu" {vamp, MR+} (You found it on level 1 of the Elven Halls)
  4685 | Elf:2    | Found a huge runed gate.
  4687 | Elf:2    | Found a huge runed gate.
  4687 | Elf:2    | Found a huge runed gate.
  4688 | Elf:2    | Found a huge runed gate.
  4688 | Elf:2    | Found a huge runed gate.
  4781 | Elf:3    | Entered Level 3 of the Elven Halls
  4804 | Elf:3    | Reached **** piety under Trog
  4810 | Elf:3    | Got a transparent scale mail
  4821 | Elf:3    | Identified the +6 scale mail of Inviolability {rF+ rCorr SInv} (You found it on level 3 of the Elven Halls)
  5129 | Elf:3    | Got a fine chain mail
  5158 | Elf:3    | Got a faintly humming robe
  5170 | Elf:3    | Identified the +2 chain mail of Happiness {rPois rN+++ MP+9 Str-3} (You found it on level 3 of the Elven Halls)
  5180 | Elf:3    | Identified the +1 robe of Duck's Teeth {rF+ rN+ Dex+2} (You found it on level 3 of the Elven Halls)
  5288 | Elf:3    | Got a transparent fire dragon armour
  5303 | Elf:3    | Got a brightly glowing mace
  5334 | Elf:3    | Identified the +0 fire dragon armour of Undesirable Species {rElec rF++ rC- rCorr Str-2 Stlth+} (You found it on level 3 of the Elven Halls)
  5341 | Elf:3    | Identified the +9 mace "Xugi" {pain, Dex+4} (You found it on level 3 of the Elven Halls)
  5371 | Elf:3    | Received a gift from Trog
  5515 | Elf:1    | Bought an uncursed amulet of guardian spirit for 450 gold pieces
  5675 | Lair:1   | Entered Level 1 of the Lair of Beasts
  5755 | Lair:1   | Found a frozen archway.
  5760 | IceCv    | Entered an ice cave
  6028 | Lair:3   | Reached ***** piety under Trog
  6232 | Lair:3   | Found a hole to the Spider Nest.
  6297 | Lair:3   | Found a staircase to the Shoals.
  6463 | Lair:6   | Entered Level 6 of the Lair of Beasts
  6483 | Lair:6   | Received a gift from Trog
  6757 | Lair:6   | Found a staircase to the Slime Pits.
  6785 | Slime:1  | Entered Level 1 of the Pits of Slime
  6942 | Slime:5  | Entered Level 5 of the Pits of Slime
  7009 | Slime:5  | Noticed a gnoll sergeant
  7009 | Slime:5  | Found a viscous altar of Jiyva.
  7019 | Slime:5  | Killed a gnoll sergeant
  7072 | Slime:5  | Got a wavering granite ring
  7077 | Slime:5  | Identified a +6 rod of ignition (11/11) (You found it on level 5 of the Pits of Slime)
  7080 | Slime:5  | Got a crude flail
  7116 | Slime:5  | Got a slimy rune of Zot
  7183 | Slime:5  | Got a bound silver ring
  7190 | Slime:5  | Identified the +7 flail of Ebrenk {freeze, +Blink rElec rC+ Dex+3} (You found it on level 5 of the Pits of Slime)
  7675 | Elf:1    | Bought the ring "Donkyusu" {+Inv +Fly Int+4 Slay+4 SInv} for 669 gold pieces
  7676 | Elf:1    | Identified the ring of Yendor {rElec AC+1} (You found it on level 5 of the Pits of Slime)
  7678 | Elf:1    | Identified the ring "Jates" {SustAt rElec rC- Str+2 Slay+5} (You found it on level 5 of the Pits of Slime)
  7701 | Elf:1    | Identified a scroll of acquirement
  7908 | D:12     | Received a gift from Trog
  7946 | D:12     | Found a shadowy altar of Dithmenos.
  8202 | D:13     | Found a gate to the Vaults.
  8235 | Vaults:1 | Entered Level 1 of the Vaults
  8515 | Vaults:2 | Found Qurr's Weapon Shoppe.
  8641 | Vaults:2 | Found Uruw's Antique Armour Boutique.
  8757 | Vaults:2 | Found Piysuv's Armour Boutique.
  8933 | Vaults:2 | Found Horuorej's Weapon Emporium.
  9160 | Vaults:2 | Found Rigebuhe's Distillery.
  9169 | Vaults:2 | Bought a potion of beneficial mutation for 455 gold pieces
  9169 | Vaults:2 | Bought a potion of might for 52 gold pieces
  9169 | Vaults:2 | Gained mutation: Your system is resistant to poisons. (rPois) [potion of beneficial mutation]
  9267 | Vaults:2 | Received a gift from Trog
  9270 | Vaults:2 | Found a staircase to the Crypt.
  9274 | Crypt:1  | Entered Level 1 of the Crypt
  9453 | Crypt:3  | Entered Level 3 of the Crypt
  9552 | Crypt:3  | Found a staircase to the Tomb.
  9755 | Crypt:3  | Found a basalt altar of Yredelemnul.
 10401 | Tomb:1   | Entered Level 1 of the Tomb of the Ancients
 10938 | Tomb:3   | Entered Level 3 of the Tomb of the Ancients
 11167 | Tomb:3   | Got a slimy platinum ring
 11169 | Tomb:3   | Identified the ring of the Peasants {SustAt rC+ Str+3 SInv} (You found it on level 3 of the Tomb of the Ancients)
 11191 | Tomb:3   | Got a pitted plate armour
 11202 | Tomb:3   | Identified the +1 plate armour of Compression {rF+ Dex+2} (You found it on level 3 of the Tomb of the Ancients)
 11249 | Tomb:3   | Got a blackened falchion
 11250 | Tomb:3   | Identified the +6 falchion "Voofais" {drain, rElec rC- Str+6} (You found it on level 3 of the Tomb of the Ancients)
 11322 | Tomb:3   | Got a golden rune of Zot
 11533 | Tomb:3   | Got a faintly glowing plate armour
 11544 | Tomb:3   | Identified the +5 plate armour "Gakhar" {rF- Int+2 Stlth+} (You found it on level 3 of the Tomb of the Ancients)
 11939 | Tomb:2   | Got a pitted granite ring
 11942 | Tomb:2   | Identified the ring "Yzuwketh" {rF++ rC+ MP+9 Str-5 Dex+2} (You found it on level 2 of the Tomb of the Ancients)
 12603 | Elf:1    | Bought the ring of Etaonk {*Corrode rF++ rC+ MP+9 Stlth+} for 513 gold pieces
 12890 | Shoals:1 | Entered Level 1 of the Shoals
 13009 | Shoals:2 | Received a gift from Trog
 13056 | Shoals:4 | Entered Level 4 of the Shoals
 13129 | Shoals:4 | Got a polished cloak
 13140 | Shoals:4 | Identified the +0 cloak of Limited Liability {rPois Regen+ Int+4} (You found it on level 4 of the Shoals)
 13304 | Shoals:4 | Got a barnacled rune of Zot
 13455 | Spider:1 | Entered Level 1 of the Spider Nest
 13599 | Spider:3 | Received a gift from Trog
 13745 | Spider:4 | Entered Level 4 of the Spider Nest
 13867 | Spider:4 | Got a gossamer rune of Zot
 14436 | Vaults:3 | Found Vumeatt's Weapon Boutique.
 14515 | Vaults:4 | Found Mipycy's General Store.
 14550 | Vaults:4 | Found Anobaj's Armour Emporium.
 14552 | Vaults:4 | Bought a potion of curing for 66 gold pieces
 14589 | Vaults:5 | Entered Level 5 of the Vaults
 14589 | Vaults:5 | Noticed a gnoll sergeant
 14589 | Vaults:5 | Noticed a gnoll sergeant
 14589 | Vaults:5 | Noticed a gnoll sergeant
 14589 | Vaults:5 | Noticed a gnoll sergeant
 14589 | Vaults:5 | Noticed a gnoll sergeant
 14589 | Vaults:5 | Noticed a gnoll sergeant
 14589 | Vaults:5 | Noticed a gnoll sergeant
 14589 | Vaults:5 | Noticed a gnoll sergeant
 14589 | Vaults:5 | Noticed a gnoll sergeant
 14589 | Vaults:5 | Noticed a gnoll sergeant
 14612 | Vaults:5 | Killed a gnoll sergeant
 14614 | Vaults:5 | Killed a gnoll sergeant
 14629 | Vaults:5 | Killed a gnoll sergeant
 14631 | Vaults:5 | Killed a gnoll sergeant
 14632 | Vaults:5 | Received a gift from Trog
 14633 | Vaults:5 | Killed a gnoll sergeant
 14640 | Vaults:5 | Killed a gnoll sergeant
 14648 | Vaults:5 | Killed a gnoll sergeant
 14650 | Vaults:5 | Killed a gnoll sergeant
 14653 | Vaults:5 | Killed a gnoll sergeant
 14654 | Vaults:5 | Killed a gnoll sergeant
 14828 | Vaults:5 | Reached ****** piety under Trog
 15311 | Vaults:5 | Found Fidinof's Gadget Shoppe.
 15550 | Vaults:5 | Got a silver rune of Zot
 15554 | Vaults:5 | Got a flickering lead ring
 15580 | Vaults:5 | Identified the ring "Afucets" {rElec rF+++ rN+ Str-2 Stlth-} (You found it on level 5 of the Vaults)
 16041 | D:15     | Entered Level 15 of the Dungeon
 16046 | D:15     | Received a gift from Trog
 16116 | D:15     | Found a staircase to the Depths.
 16121 | Depths:1 | Entered Level 1 of the Depths
 16291 | Depths:1 | Found a one-way gate leading to the halls of Pandemonium.
 16371 | Depths:1 | Found a gateway to Hell.
 16434 | Depths:1 | Found Egoc's Distillery.
 16440 | Depths:1 | Bought a potion of resistance for 180 gold pieces
 16440 | Depths:1 | Bought a potion of heal wounds for 90 gold pieces
 16440 | Depths:1 | Bought 2 potions of haste for 360 gold pieces
 16440 | Depths:1 | Bought 2 potions of cancellation for 288 gold pieces
 16440 | Depths:1 | Bought a potion of magic for 144 gold pieces
 17645 | Depths:3 | Received a gift from Trog
 18526 | Depths:4 | Got a sparkling steel ring
 18528 | Depths:4 | Identified the ring "Qim Nublogha" {rElec rPois MR- Str+3 Stlth+} (You found it on level 4 of the Depths)
 18646 | Depths:4 | Found a one-way gate to the infinite horrors of the Abyss.
 18723 | Depths:4 | Got a slimy wooden ring
 18725 | Depths:4 | Identified the ring "Goroc" {Str+5 Dex+4} (You found it on level 4 of the Depths)
 18738 | Depths:4 | Found a stormy altar of Qazlal.
 18813 | Depths:4 | Got a flickering steel ring
 18819 | Depths:4 | Received a gift from Trog
 18850 | Depths:4 | Found a glowing golden altar of the Shining One.
 18872 | Depths:4 | Identified the ring of the Forsaken Suns {SustAt rC+} (You found it on level 4 of the Depths)
 18895 | Depths:5 | Entered Level 5 of the Depths
 19034 | Depths:5 | Found a gateway to a ziggurat.
 19101 | Depths:5 | Found a gate to the Realm of Zot.
 19141 | Depths:5 | Found a magical portal.
 19156 | WizLab   | Entered Wucad Mu's Monastery
 19367 | WizLab   | Gained mutation: You have a somewhat thin skeletal structure. (Dex +2, Stealth) [potion of beneficial mutation]
 19453 | WizLab   | Received a gift from Trog
 19461 | WizLab   | Got a slimy scimitar {god gift}
 19462 | WizLab   | Identified the +13 scimitar "Gekhiodgh" {drain, Int+2 Stlth+} (Trog gifted it to you in a wizard's laboratory)
 19622 | Pan      | Entered Pandemonium
 19875 | Pan      | Entered the realm of Lom Lobon.
 19936 | Pan      | Found an exit through the horrors of the Abyss.
 20050 | Pan      | Got a magical rune of Zot
 20304 | Pan      | Found an exit through the horrors of the Abyss.
 20364 | Pan      | Entered the realm of Gloorx Vloq.
 20378 | Pan      | Got a dazzling spear
 20379 | Pan      | Identified the +10 spear "Bodwiviwa" {flame, Dex+4 SInv} (You found it in Pandemonium)
 20542 | Pan      | Found an exit through the horrors of the Abyss.
 20599 | Pan      | Received a gift from Trog
 20742 | Pan      | Got a dark rune of Zot
 20816 | Pan      | Found an exit through the horrors of the Abyss.
 20886 | Pan      | Found a runed door.
 20901 | Pan      | Found a runed door.
 20902 | Pan      | Found a runed door.
 20908 | Pan      | Found a runed door.
 21367 | Pan      | Received a gift from Trog
 21469 | Pan      | Entered the realm of Cerebov.
 21475 | Pan      | Found an exit through the horrors of the Abyss.
 21622 | Pan      | Got a pair of slimy boots
 21633 | Pan      | Identified the cursed +0 pair of boots "Angoyxki" {MR+} (You found it in Pandemonium)
 21647 | Pan      | Identified a +3 rod of ignition (13/13) (You found it in Pandemonium)
 21678 | Pan      | Got a coiled glass ring
 21680 | Pan      | Identified the ring of Abeuthee {Fire rN+ MR+ Str-5 Stlth+} (You found it in Pandemonium)
 21686 | Pan      | Got an iridescent rapier
 21687 | Pan      | Identified the +1 rapier of Bodusafuc {venom, rF+ Str+5} (You found it in Pandemonium)
 21711 | Pan      | Got a crude plate armour
 21722 | Pan      | Identified the +6 plate armour of Midwinter {rC+ Regen+ MP+9 Str-5} (You found it in Pandemonium)
 21807 | Pan      | Got a fiery rune of Zot
 21950 | Pan      | Received a gift from Trog
 21994 | Pan      | Found a runed door.
 22003 | Pan      | Got a demonic rune of Zot
 22185 | Pan      | Found an exit through the horrors of the Abyss.
 22321 | Pan      | Found an exit through the horrors of the Abyss.
 22644 | Pan      | Found an exit through the horrors of the Abyss.
 22755 | Pan      | Received a gift from Trog
 22848 | Pan      | Found an exit through the horrors of the Abyss.
 23249 | Pan      | Found an exit through the horrors of the Abyss.
 23428 | Pan      | Found a glowing silver altar of Zin.
 23641 | Pan      | Found a glowing golden altar of the Shining One.
 23656 | Pan      | Received a gift from Trog
 23658 | Pan      | Got a steaming golden ring
 23660 | Pan      | Identified the ring "Fekiar" {rCorr rC++} (You found it in Pandemonium)
 23680 | Pan      | Got a slimy scale mail
 23691 | Pan      | Identified the +6 scale mail of Ampaof {rC- Int+4 Stlth+} (You found it in Pandemonium)
 24168 | Pan      | Found a white marble altar of Elyvilon.
 24416 | Depths:3 | Escaped Pandemonium
 24424 | Pan      | Entered Pandemonium
 24675 | Pan      | Found an exit through the horrors of the Abyss.
 24709 | Pan      | Got a transparent turquoise ring
 24750 | Pan      | Identified the ring of Jealousy {*Contam rElec MR+ Dex+3 SInv} (You found it in Pandemonium)
 24849 | Pan      | Got a brightly glowing lapis lazuli ring
 24851 | Pan      | Identified the ring "Pips" {+Inv rPois Dex+2} (You found it in Pandemonium)
 24905 | Pan      | Received a gift from Trog
 25303 | Pan      | Received a gift from Trog
 25371 | Pan      | Found a runed door.
 25374 | Pan      | Found a runed door.
 25381 | Pan      | Found an exit through the horrors of the Abyss.
 25409 | Pan      | Found a runed door.
 25416 | Pan      | Found a runed door.
 25609 | Pan      | Entered the realm of Mnoleg.
 25647 | Pan      | Got a spiked ring mail
 25894 | Pan      | Found an exit through the horrors of the Abyss.
 26049 | Pan      | Got a glowing rune of Zot
 26190 | Pan      | Took an exit into the Abyss.
 26190 | Abyss:1  | Escaped into the Abyss
 26327 | Abyss:2  | Found a corrupted altar of Lugonu.
 26458 | Abyss:4  | Got an abyssal rune of Zot
 26608 | Abyss:5  | Entered Level 5 of the Abyss
 26614 | Abyss:5  | Found a hazy altar of Hepliaklqana.
 26644 | Depths:3 | Escaped the Abyss
 26669 | Hell     | Entered the Vestibule of Hell
 26680 | Hell     | Received a gift from Trog
 26806 | Hell     | Found a gateway to the ashen valley of Gehenna.
 26862 | Geh:1    | Entered Level 1 of Gehenna
 27067 | Geh:2    | Found a huge runed gate.
 27067 | Geh:2    | Found a huge runed gate.
 27067 | Geh:2    | Found a huge runed gate.
 27068 | Geh:2    | Found a huge runed gate.
 27068 | Geh:2    | Found a huge runed gate.
 27069 | Geh:2    | Found a huge runed gate.
 27069 | Geh:2    | Found a huge runed gate.
 27070 | Geh:2    | Found a huge runed gate.
 27070 | Geh:2    | Found a huge runed gate.
 27071 | Geh:2    | Found a huge runed gate.
 27071 | Geh:2    | Found a huge runed gate.
 27139 | Geh:3    | Received a gift from Trog
 27514 | Geh:7    | Entered Level 7 of Gehenna
 27679 | Geh:7    | Received a gift from Trog
 27706 | Geh:7    | Got a pitted golden amulet
 27707 | Geh:7    | Identified the amulet "Ryomioxt" {-Tele +Rage rElec rF+ MR+} (You found it on level 7 of Gehenna)
 27709 | Geh:7    | Identified the cursed +1 ring mail "Ewkezek" {+Blink} (You found it in Pandemonium)
 27800 | Geh:7    | Got an obsidian rune of Zot
 28223 | Hell     | Found a gateway to the Iron City of Dis.
 28230 | Dis:1    | Entered Level 1 of the Iron City of Dis
 28706 | Dis:7    | Entered Level 7 of the Iron City of Dis
 28875 | Dis:7    | Got an iron rune of Zot
 28931 | Dis:7    | Received a gift from Trog
 29211 | Dis:7    | Identified the ring "Qausashagh" {MR+ Stlth+} (You found it on level 7 of the Iron City of Dis)
 29396 | Hell     | Identified a +6 rod of inaccuracy (10/10) (You found it on level 7 of the Iron City of Dis)
 29412 | Hell     | Found a gateway to the freezing wastes of Cocytus.
 29421 | Coc:1    | Entered Level 1 of Cocytus
 29824 | Coc:4    | Received a gift from Trog
 30148 | Coc:7    | Entered Level 7 of Cocytus
 30385 | Coc:7    | Got an icy rune of Zot
 30496 | Hell     | Found a gateway to the decaying netherworld of Tartarus.
 30568 | Tar:1    | Entered Level 1 of Tartarus
 30921 | Tar:4    | Received a gift from Trog
 31146 | Tar:6    | Noticed an eldritch tentacle
 31168 | Tar:7    | Entered Level 7 of Tartarus
 31206 | Tar:7    | Got a sparkling marble ring
 31208 | Tar:7    | Got a bloodstained plate armour
 31451 | Tar:7    | Got a bone rune of Zot
 31794 | Zot:1    | Entered Level 1 of the Realm of Zot
 31985 | Zot:1    | Noticed a gnoll sergeant
 31994 | Zot:1    | Killed a gnoll sergeant
 32071 | Zot:1    | Received a gift from Trog
 32099 | Zot:1    | Identified the +4 plate armour of Cowardice {+Fly Str+4 Dex+2} (You found it on level 7 of Tartarus)
 32116 | Zot:1    | Got a transparent bronze ring
 32118 | Zot:1    | Identified the ring "Namoruq" {rElec rF- rN++ Int+3 Stlth-} (You found it on level 1 of the Realm of Zot)
 32121 | Zot:1    | Identified the ring of Yredelemnul's Hope {rCorr Dex+2} (You found it on level 7 of Tartarus)
 32383 | Zot:5    | Entered Level 5 of the Realm of Zot
 32422 | Zot:5    | Noticed a gnoll shaman
 32438 | Zot:5    | Killed a gnoll shaman
 32487 | Zot:5    | Noticed a gnoll sergeant
 32495 | Zot:5    | Killed a gnoll sergeant
 32519 | Zot:5    | Noticed a gnoll sergeant
 32526 | Zot:5    | Noticed a gnoll shaman
 32533 | Zot:5    | Killed a gnoll sergeant
 32533 | Zot:5    | Received a gift from Trog
 32536 | Zot:5    | Killed a gnoll shaman
 32543 | Zot:5    | Noticed a gnoll sergeant
 32544 | Zot:5    | Noticed Grum
 32545 | Zot:5    | Noticed a gnoll sergeant
 32546 | Zot:5    | Noticed a gnoll shaman
 32548 | Zot:5    | Killed Grum
 32551 | Zot:5    | Killed a gnoll sergeant
 32552 | Zot:5    | Noticed a gnoll shaman
 32552 | Zot:5    | Killed a gnoll shaman
 32552 | Zot:5    | Killed a gnoll sergeant
 32555 | Zot:5    | Killed a gnoll shaman
 32639 | Zot:5    | Got the Orb of Zot
 32668 | Zot:5    | Noticed a gnoll shaman
 32674 | Zot:5    | Killed a gnoll shaman
 32873 | Depths:5 | Noticed a gnoll sergeant
 32883 | Depths:5 | Killed a gnoll sergeant
 33219 | D:$      | Escaped with the Orb!

Action                   || total
-------------------------++-------
Melee: Dagger            ||  4379
       Headbutt          ||  1029
       Short sword       ||   200
       Whip              ||   181
Throw: Javelin           ||     9
Invok: Burn Spellbooks   ||    35
       Berserk           ||    32
       Brothers in Arms  ||    10
 Abil: Evoke Flight      ||    13
       Stop Flying       ||     2
       Evoke Invisibilit ||     1
Evoke: Wand              ||    16
       Sack of spiders   ||     3
  Use: Scroll            ||    73
       Potion            ||    21
 Stab: Invisible         ||     2
       Distracted        ||     1
       Held in net/web   ||     1
  Eat: Bread ration      ||     1
Armor: Plate armour      ||   896
       Chain mail        ||   837
       Scale mail        ||     3
Dodge: Dodged            ||   298
Block: Shield            ||  5476
